Map: Mech Depot LE

Players

DankDoctor

  • Race: Protoss Protoss
  • League: Silver
  • Spawn Location: 7:00

RocketmaN - Winner!

  • Race: Terran Terran
  • Spawn Location: 1:00

VOD

Have the link to the VOD?

Description

Time

  • Played on: Aug. 1, 2017, 8:23 a.m.
  • Length: 5:45
Show
View Real Time Build Order
Export as new Build Order

DankDoctor Protoss 

Build Orders: 1 Gate Expand 

Get SALT Encoding   

  12  0:01  Probe (Chrono Boost)  
  13  0:13  Pylon  
  13  0:17  Probe (Chrono Boost)  
  14  0:27  Probe (Chrono Boost)  
  15  0:34  Gateway  
  15  0:41  Probe (Chrono Boost)  
  16  0:48  Assimilator  
  16  0:52  Probe (Chrono Boost)  
  17  1:03  Probe (Chrono Boost)  
  18  1:13  Probe (Chrono Boost)  
  19  1:23  Cybernetics Core  
  19  1:24  Probe (Chrono Boost)  
  20  1:41  Nexus  
  20  1:45  Probe (Chrono Boost)  
  21  1:52  Pylon  
  21  2:00  Warp Gate  
  21  2:04  Assimilator  
  23  2:08  Mothership Core (Chrono Boost)  
  23  2:18  Adept  
  25  2:27  Probe (Chrono Boost)  
  26  2:38  Probe (Chrono Boost)  
  27  2:45  Adept  
  27  2:47  Gateway  
  27  2:48  Probe (Chrono Boost)  
  30  2:55  Pylon  
  30  2:58  Probe (Chrono Boost)  
  31  2:59  Probe (Chrono Boost)  
  32  3:08  Probe (Chrono Boost)  
  32  3:09  Probe (Chrono Boost)  
  34  3:13  Adept  
  34  3:16  Forge  
  36  3:22  Probe x2 (Chrono Boost)  
  38  3:33  Probe x2 (Chrono Boost)  
  40  3:43  Pylon  
  40  3:52  Robotics Facility  
  40  3:56  Gateway  
  40  4:03  Photon Cannon  
  40  4:06  Adept  
  40  4:08  Adept  
  44  4:10  Probe (Chrono Boost)  
  44  4:11  Probe (Chrono Boost)  
  46  4:21  Probe x2 (Chrono Boost)  
  48  4:32  Adept x2  
  48  4:37  Probe (Chrono Boost)  
  48  4:38  Probe (Chrono Boost)  
  54  4:40  Assimilator  
  54  4:43  Pylon  
  54  4:48  Probe x2 (Chrono Boost)  
  54  4:49  Observer  
  57  4:56  Gateway  
  57  4:57  Twilight Council  
  56  5:04  Adept  
  56  5:05  Adept, Sentry  
  62  5:30  Gateway  
Show
View Real Time Build Order
Export as new Build Order

RocketmaN Terran - Winner!

Build Orders:  

Get SALT Encoding   

  12  0:01  SCV  
  13  0:13  SCV  
  14  0:19  Supply Depot  
  14  0:25  SCV  
  15  0:40  SCV  
  15  0:42  Barracks  
  16  0:52  SCV, Supply Depot  
  17  0:58  Refinery  
  17  1:10  SCV  
  18  1:22  SCV  
  19  1:34  SCV  
  20  1:40  Barracks Tech Lab  
  20  1:41  Barracks  
  20  1:46  Barracks  
  20  1:47  Orbital Command  
  20  1:59  Marauder  
  22  2:34  Marine  
  23  2:38  Barracks Reactor  
  23  2:43  Barracks Reactor  
  23  2:48  Supply Depot  
  25  2:58  Marauder  
  25  3:06  Combat Shields  
  25  3:11  SCV  
  26  3:17  Marine, Supply Depot  
  26  3:18  Marine  
  28  3:20  Marine x2  
  28  3:22  Marauder  
  32  3:35  Marine x2  
  32  3:38  Marine x2  
  32  3:40  Supply Depot  
  36  3:44  Marauder  
  38  3:53  Marine x2  
  40  3:56  Marine x2  
  42  4:02  Supply Depot  
  42  4:05  Marauder  
  44  4:11  Marine x2  
  44  4:14  Marine x2  
  48  4:25  Concussive Shells  
  48  4:26  Marauder  
  48  4:27  Supply Depot  
  48  4:29  Marine x2  
  52  4:31  Marine  
  52  4:32  Marine  
  54  4:46  Marine  
  54  4:49  Marine x3  
  58  4:56  Marauder  
  60  5:04  Marine, Supply Depot  
  60  5:06  Marine  
  61  5:07  Marine x2  
  64  5:17  Marauder  
  66  5:22  Marine  
  66  5:24  Marine  
Tags
 
League
Silver
Matchup
PvT
Spawn Locations
Cross Positions
Add a new tag
Caveats
  • Supply blocks, unpowered buildings, or Contaminate may cause inaccurate times.
  • Supply counts are checked every 10 seconds.